[Event "*** Titled Tuesday Blitz"]
[Site "Chess.com"]
[Date "2020.04.28"]
[Round "1"]
[White "MaxVavulin"]
[Black "atwalcb"]
[Result "1-0"]
[WhiteElo "2605"]
[BlackElo "2277"]
[TimeControl "180+1"]
[EndTime "10:07:00 PDT"]
[Termination "MaxVavulin won by resignation"]

1. e4 d6 2. d4 Nf6 3. Nc3 Nbd7 4. f4 e5 5. Nf3 exd4 6. Qxd4 c6 7. Be3 d5 8. exd5 Bc5 9. Qd3 Qe7 10. Kd2 Bxe3+ 11. Qxe3 Qxe3+ 12. Kxe3 cxd5 13. Bd3 O-O 14. Rae1 Nc5 15. h3 Bd7 16. Ne5 Bc6 17. Rhg1 Ne6 18. Ne2 d4+ 19. Kd2 Nd5 20. g3 f5 21. Bc4 Rfe8 22. Nc1 Kf8 23. Nxc6 bxc6 24. Re5 g6 25. Nd3 Ndc7 26. Rge1 Ng7 27. Nc5 Rxe5 28. Nd7+ Ke7 29.
Nxe5 Kd6 30. Nf7+ Kc5 31. Kd3 Re8 32. Ne5 Nd5 33. a3 a5 34. Ba2 Rb8 35. Nd7+ 1-0

[Event "*** Titled Tuesday Blitz"]
[Site "Chess.com"]
[Date "2020.04.28"]
[Round "1"]
[White "Tall-guy"]
[Black "Mikhail_Golubev"]
[Result "0-1"]
[WhiteElo "2105"]
[BlackElo "2504"]
[TimeControl "180+1"]
[EndTime "10:07:00 PDT"]
[Termination "Mikhail_Golubev won on time"]

1. e4 c5 2. Nf3 d6 3. Bb5+ Nc6 4. O-O Bd7 5. Re1 a6 6. Bxc6 Bxc6 7. d4 cxd4 8. Nxd4 Nf6 9. Nxc6 bxc6 10. Nd2 g6 11. Qf3 Bg7 12. Nc4 O-O 13. Be3 d5 14. Rad1 Rb8 15.
e5 Nd7 16. Qh3 e6 17. Nd2 Rxb2 18. Bh6 Rxc2 19. Bxg7 Kxg7 20. Re3 Qg5 21. Nf1 Nxe5 22. Rg3 Qf4 23. Ne3 Qxf2+ 24. Kh1 Re2 25. Rf1 Re1 26.
Rf3 Qxe3 0-1

[Event "*** Titled Tuesday Blitz"]
[Site "Chess.com"]
[Date "2020.04.28"]
[Round "1"]
[White "freshfoodcompany"]
[Black "Balla_Tamas"]
[Result "0-1"]
[WhiteElo "2188"]
[BlackElo "2535"]
[TimeControl "180+1"]
[EndTime "10:07:01 PDT"]
[Termination "Balla_Tamas won on time"]

1. d4 Nf6 2. c4 g6 3. Nc3 Bg7 4. e4 O-O 5. Nf3 d6 6. Be2 Bg4 7. Be3 Nfd7 8. O-O c5 9. Rc1 Bxf3 10. Bxf3 cxd4 11. Bxd4 Bxd4 12. Qxd4 Nc6 13. Qd2 Rc8 14. Nd5 Nde5 15. Be2 e6 16. Nb4 Nxb4 17. Qxb4 Qc7 18. Rfd1 Rfd8 19. f4 Nc6 20. Qb3 e5 21. f5 Nd4 22.
Rxd4 Qc5 23. Rf1 Qxd4+ 24. Kh1 Qxe4 25. Bd3 Qc6 26. fxg6 hxg6 27. c5 d5 28. Bb5 Qe6 29. Qe3 Kg7 30. b4 Rh8 31. Qf2 Rh5 32. Bd3 e4 33.
Be2 Rf5 34. Qd4+ Qe5 35. Qd1 Rxf1+ 36. Qxf1 Rh8 37. h3 d4 38. Bc4 Qf6 39. Qe2 Re8 40. b5 Re5 41. c6 bxc6 42. Qd2 c5 0-1

[Event "*** Titled Tuesday Blitz"]
[Site "Chess.com"]
[Date "2020.04.28"]
[Round "1"]
[White "csati17"]
[Black "wonderfultime"]
[Result "0-1"]
[WhiteElo "2458"]
[BlackElo "2932"]
[TimeControl "180+1"]
[EndTime "10:07:02 PDT"]
[Termination "wonderfultime won by resignation"]

1. c4 c6 2. Nf3 Nf6 3. g3 d5 4. Bg2 Bg4 5. O-O e6 6. Qc2 Nbd7 7. d3 Be7 8. Nc3 O-O 9. e4 dxe4 10. dxe4 e5 11. Be3 Bxf3 12. Bxf3 Bc5 13. Bd2 Qe7 14. Rad1 Rfd8 15. Bc1 Nf8 16. Na4 Bd4 17. Kg2 Rac8 18.
b3 Ne6 19. h3 b5 20. Nb2 Bb6 21. Be3 Nd4 22. Bxd4 Bxd4 23. Qe2 Qa3 24. Nd3 bxc4 25.
bxc4 Rb8 26. Rb1 g6 27. h4 h5 28. Qc2 Kg7 29. Rfd1 Nd7 30. Rxb8 Rxb8 31. Rb1 Rb6 32. Rb3 Qa5 33. Rxb6 Nxb6 34. Be2 Nd7 35. Nc1 Qb6 36. f3 Nc5 37. Nb3 Ne6 38. Bf1 Qb4 39. Qd2 Qa3 40. Qc2 a5 41. Be2 a4 42. Nd2 Bc5 43. Nf1 Nd4 44.
Qd2 Bb4 45. Qg5 Nxe2 46. Qxe5+ Kg8 47. Qe8+ Bf8 48. e5 Qxa2 49. Kh3 0-1

[Event "*** Titled Tuesday Blitz"]
[Site "Chess.com"]
[Date "2020.04.28"]
[Round "1"]
[White "Jumbo"]
[Black "adricalderon8"]
[Result "0-1"]
[WhiteElo "2738"]
[BlackElo "2417"]
[TimeControl "180+1"]
[EndTime "10:07:03 PDT"]
[Termination "adricalderon8 won on time"]

1. d4 Nf6 2. c4 g6 3. Nf3 Bg7 4. g3 c6 5. Bg2 O-O 6. O-O d5 7. Nbd2 Nbd7 8. b3 b5 9. Qc2 Bb7 10. Rd1 Rc8 11. e4 dxe4 12. Nxe4 bxc4 13. bxc4 c5 14. Nxf6+ Bxf6 15. Bh6 Re8 16. d5 Qa5 17. Rab1 Ba6 18. Rb3 Qa4 19. Rc1 Nb6 20. Nd2 Rcd8 21. Re3 Qxc2 22. Rxc2 Bd4 23. Ra3 Bc8 24. Rxa7 Bf5 25.
Be4 e6 26. Bxf5 gxf5 27. Bg5 f6 28. Bh6 exd5 29. cxd5 Re1+ 30. Kg2 Re2 31. Rg7+ Kh8 32. Rb7 Nxd5 33. Rc4 f4 0-1

[Event "*** Titled Tuesday Blitz"]
[Site "Chess.com"]
[Date "2020.04.28"]
[Round "1"]
[White "CMS13"]
[Black "Szparu"]
[Result "1/2-1/2"]
[WhiteElo "2148"]
[BlackElo "2510"]
[TimeControl "180+1"]
[EndTime "10:07:03 PDT"]
[Termination "Game drawn by repetition"]

1. e4 c5 2. Nc3 g6 3. Nf3 Bg7 4.
d4 cxd4 5. Nxd4 Nc6 6. Be3 Nf6 7. Bc4 O-O 8. Bb3 d6 9. h3 Bd7 10. O-O Rc8 11. f4 Nxd4 12. Bxd4 Bc6 13. e5 dxe5 14. fxe5 Nd5 15. Ne4 Ne3 16. Bxe3 Qxd1 17. Raxd1 Bxe4 18.
Bxa7 Bxc2 19. Rd7 Bxb3 20. axb3 Rfe8 21. Rxb7 Bxe5 22. b4 f5 23. Bc5 Bxb2 24. Re1 e5 25.
Rb1 Bd4+ 26. Bxd4 exd4 27. Rd1 Rcd8 28. b5 d3 29. Kf1 Rd6 30. b6 g5 31. Rc7 Rxb6 32. Rxd3 Rb1+ 33. Kf2 Rb2+ 34. Kf1 Rb1+ 35. Kf2 Rb2+ 36. Kf1 Rb1+ 1/2-1/2

[Event "*** Titled Tuesday Blitz"]
[Site "Chess.com"]
[Date "2020.04.28"]
[Round "1"]
[White "kungmongmanh"]
[Black "Filip_Covic"]
[Result "0-1"]
[WhiteElo "2622"]
[BlackElo "2328"]
[TimeControl "180+1"]
[EndTime "10:07:04 PDT"]
[Termination "Filip_Covic won by resignation"]

1. d4 Nf6 2. c4 g6 3. Nc3 Bg7 4. e4 d6 5. Be2 O-O 6. Nf3 e5 7.
O-O Nc6 8. d5 Ne7 9. Ne1 Ne8 10.
Be3 f5 11. f3 f4 12. Bf2 g5 13. Nd3 Ng6 14. c5 h5 15. Rc1 Rf7 16. Nb5 a6 17.
Na3 Bf8 18. Nc4 Rg7 19. cxd6 Bxd6 20. Nc5 Qe7 21. Ne6 Bxe6 22. Nxd6 Nxd6 23. dxe6 Qxe6 24. Bc5 Rd8 25. Qc2 Kh7 26. Rfd1 Rdd7 27. Rd2 g4 28. Rcd1 Nh4 29. Qc3 gxf3 30. Bxf3 Nb5 31. Rxd7 Nxc3 32. Rxg7+ Kxg7 33. bxc3 Nxf3+ 34. gxf3 b6 0-1

[Event "*** Titled Tuesday Blitz"]
[Site "Chess.com"]
[Date "2020.04.28"]
[Round "1"]
[White "Kimster98"]
[Black "AniJak"]
[Result "1-0"]
[WhiteElo "2579"]
[BlackElo "2243"]
[TimeControl "180+1"]
[EndTime "10:07:04 PDT"]
[Termination "Kimster98 won by checkmate"]

1. d4 d5 2. Bf4 Nf6 3. e3 Bf5 4.
Bd3 Bg6 5. Nf3 c6 6. O-O e6 7. c4 Bd6 8. Bxd6 Qxd6 9. Nc3 Ne4 10. Ne5 Nxc3 11. bxc3 Nd7 12. Nxd7 Qxd7 13. cxd5 Bxd3 14.
dxe6 Qxe6 15. Qxd3 O-O 16. c4 Rad8 17. Rab1 b6 18.
a4 Rfe8 19. Rfc1 h6 20. c5 bxc5 21. Rxc5 Rb8 22. Rbc1 Rb3 23. Qc4 Qxc4 24. R1xc4 Re6 25. g3 Ra3 26. Kg2 Rf6 27. Rxc6 Rxc6 28. Rxc6 Rxa4 29. Rc8+ Kh7 30. Rc7 Kg6 31. Kf3 Ra1 32. h4 a5 33.
Rc6+ Kh7 34. Ra6 f5 35. h5 Ra2 36. d5 Kg8 37. Ra7 Kf8 38. d6 Rd2 39. Rxa5 Rxd6 40.
Rxf5+ Ke7 41. g4 Rd1 42. Ra5 Rg1 43. Ra7+ Kf6 44. Ra6+ Kf7 45. Ra7+ Kf6 46. Kf4 Rb1 47. e4 Rb4 48. f3 Rc4 49. Ra6+ Kf7 50. Kf5 Rc3 51. f4 Rb3 52. Ra7+ Kf8 53. e5 Rb6 54. Rc7 Rb5 55. Rd7 Ra5 56. Ke6 Rb5 57. Rd8# 1-0

[Event "*** Titled Tuesday Blitz"]
[Site "Chess.com"]
[Date "2020.04.28"]
[Round "1"]
[White "EvilMorty23"]
[Black "Duong57"]
[Result "1-0"]
[WhiteElo "2536"]
[BlackElo "2190"]
[TimeControl "180+1"]
[EndTime "10:07:04 PDT"]
[Termination "EvilMorty23 won on time"]

1. e4 c5 2. Nf3 d6 3. d4 cxd4 4.
Qxd4 a6 5. c4 Nc6 6. Qd2 g6 7.
Nc3 Bh6 8. Qc2 Bg7 9. b3 Nf6 10. Bb2 Bg4 11. Be2 O-O 12. Rd1 Rc8 13. O-O Nd7 14. h3 Bxf3 15. Bxf3 Nd4 16. Qd3 Ne5 17. Qe3 Nexf3+ 18. gxf3 e5 19. Nd5 Ne6 20. Kh2 f5 21. Rg1 Kh8 22. exf5 Rxf5 23. Rg4 Qf8 24. Kg2 Qf7 25.
Rd3 h5 26. Rh4 Kh7 27. Ba3 Bh6 28. Qe2 g5 29. Re4 Rc6 30. Nb4 Nf4+ 31. Rxf4 gxf4 32. Nxc6 Qg7+ 33. Kf1 Rg5 34. Qc2 Rg1+ 35. Ke2 bxc6 36. Rxd6+ Rg6 37. Rxc6 1-0

[Event "*** Titled Tuesday Blitz"]
[Site "Chess.com"]
[Date "2020.04.28"]
[Round "1"]
[White "serhanberat_ozdemir"]
[Black "pirulillo"]
[Result "1-0"]
[WhiteElo "2517"]
[BlackElo "2138"]
[TimeControl "180+1"]
[EndTime "10:07:04 PDT"]
[Termination "serhanberat_ozdemir won by resignation"]

1. e4 c5 2. Nf3 e6 3. c3 Nf6 4. e5 Nd5 5. d4 cxd4 6. cxd4 Nc6 7.
a3 d6 8. Bd3 Be7 9. O-O O-O 10.
Qe2 Qb6 11. Qe4 f5 12. exf6 Nxf6 13. Qh4 e5 14. dxe5 dxe5 15. Bc4+ Kh8 16. Ng5 Nd8 17. Nc3 Qd4 18. Qxd4 exd4 19. Nd5 Nxd5 20. Bxd5 Rf5 21. Re1 Bf8 22. Be4 Rf6 23. Nxh7 Ne6 24. Nxf6 gxf6 25. Bf5 Ng7 26. Bxc8 Rxc8 27. Bh6 Bc5 28. b4 Bb6 29.
Rac1 Rd8 30. Bxg7+ Kxg7 31. Kf1 d3 32. Red1 Kg6 33.
Rd2 Kf5 34. Rcd1 Ke5 35. Rxd3 Rxd3 36. Rxd3 1-0

[Event "*** Titled Tuesday Blitz"]
[Site "Chess.com"]
[Date "2020.04.28"]
[Round "1"]
[White "Pultis"]
[Black "DrBergerBerger"]
[Result "0-1"]
[WhiteElo "2758"]
[BlackElo "2428"]
[TimeControl "180+1"]
[EndTime "10:07:05 PDT"]
[Termination "DrBergerBerger won on time"]

1. Nf3 c5 2. g3 Nc6 3. Bg2 g6 4. c4 Bg7 5. Nc3 e6 6. O-O Nge7 7. d4 cxd4 8. Nb5 d5 9. cxd5 Nxd5 10. Nbxd4 Nxd4 11. Nxd4 O-O 12. Nb3 Qe7 13. e4 Nb6 14. Qe2 Rd8 15. Be3 Bd7 16. Bc5 Qe8 17. Rfd1 Bb5 18.
Qc2 Na4 19. Rxd8 Qxd8 20. Rd1 Qc7 21. Rc1 Rc8 22. Qd2 Bxb2 23. Rc2 b6 24. Rxb2 Nxb2 25. Bd4 Qc2 26. Qxc2 Rxc2 27. h4 Nc4 28. Bf6 e5 29.
Bf1 Rxa2 30. f4 Rb2 31. Nc1 Rb1 32. Ne2 Ne3 0-1

[Event "*** Titled Tuesday Blitz"]
[Site "Chess.com"]
[Date "2020.04.28"]
[Round "1"]
[White "Phenix2k"]
[Black "KhamzinOlzhas"]
[Result "1-0"]
[WhiteElo "2300"]
[BlackElo "2517"]
[TimeControl "180+1"]
[EndTime "10:07:05 PDT"]
[Termination "Phenix2k won by checkmate"]

1. d4 d5 2. Nf3 Nf6 3. g3 Bf5 4.
Bg2 h6 5. c4 e6 6. Nc3 c6 7.
Qb3 Qb6 8. c5 Qxb3 9. axb3 Na6 10.
Ra4 Nc7 11. Bf4 Nb5 12. Nxb5 cxb5 13. Ra3 Nd7 14. b4 g5 15. Bd2 Nb8 16. O-O f6 17. Rfa1 Nc6 18. Bc3 Be4 19. Nd2 Bxg2 20. Kxg2 Kd7 21.
e4 f5 22. f3 Bg7 23. e5 f4 24.
gxf4 gxf4 25. Nb3 a6 26. Kf2 Rag8 27. Rg1 Bf8 28. Raa1 Rg5 29. h4 Rh5 30. Rg4 Ne7 31. Na5 Nf5 32. Nxb7 Be7 33. Rxa6 Bxh4+ 34. Ke2 Bg5 35.
Nd6 Ne3 36. Rg1 Rh2+ 37. Kd3 Nc4 38. Ra7+ Kc6 39. Rga1 Rd2+ 40. Bxd2 Nxb2+ 41. Kc2 Na4 42. R1xa4 bxa4 43. b5# 1-0

[Event "*** Titled Tuesday Blitz"]
[Site "Chess.com"]
[Date "2020.04.28"]
[Round "1"]
[White "pma83"]
[Black "bait_or_mate"]
[Result "1-0"]
[WhiteElo "2233"]
[BlackElo "2541"]
[TimeControl "180+1"]
[EndTime "10:07:05 PDT"]
[Termination "pma83 won by resignation"]

1. d4 Nf6 2. c4 e6 3. Nc3 Bb4 4. e3 O-O 5. Ne2 Re8 6. a3 Bf8 7. Ng3 d5 8. cxd5 exd5 9. Bd3 c6 10. O-O a5 11. Na4 Na6 12. Qc2 g6 13. Bd2 h5 14. h3 Bd6 15. Bxg6 fxg6 16. Qxg6+ Kh8 17. Nxh5 Nxh5 18. Qxh5+ Kg7 19. e4 Rh8 20. Qf3 dxe4 21. Qxe4 Qf6 22. Bc3 Bf5 23. Qf3 Rae8 24. Rae1 Bc2 25. d5 Be5 26. Rxe5 Rxe5 27. Qg3+ Kf7 28. Bxe5 Qf5 29. Bxh8 Bxa4 30. Qg7+ Ke8 31. Qg8+ Kd7 32. Qe6+ Qxe6 33. dxe6+ Kxe6 34. Bc3 b6 35. f4 Nc5 36.
f5+ Kf7 37. g4 Ne4 38. Rf4 Ng5 39. Kg2 Bb3 40. h4 Bd5+ 41. Kh2 Nf3+ 42. Kg3 Ng1 43. Rf2 1-0

[Event "*** Titled Tuesday Blitz"]
[Site "Chess.com"]
[Date "2020.04.28"]
[Round "1"]
[White "floplover"]
[Black "GM_DarwinLaylo"]
[Result "0-1"]
[WhiteElo "2236"]
[BlackElo "2574"]
[TimeControl "180+1"]
[EndTime "10:07:06 PDT"]
[Termination "GM_DarwinLaylo won on time"]

1. d4 d5 2. c4 c6 3. Nf3 Nf6 4. Nc3 a6 5. a4 e6 6. g3 Be7 7.
Bg2 O-O 8. O-O a5 9. Ne5 Na6 10. e4 Nb4 11. Be3 b6 12. f4 Ba6 13. b3 Rc8 14. f5 c5 15. fxe6 fxe6 16. Bh3 dxc4 17. Bxe6+ Kh8 18. d5 cxb3 19. Rf5 Nc2 20. Bg5 g6 21.
Bxf6+ Bxf6 22. Nxg6+ hxg6 23. Rf4 Bxc3 24. Qg4 Rxf4 25.
Qxg6 Bd4+ 26. Kh1 Qf6 27. Qh5+ Kg7 28. gxf4 Rh8 29. Qg4+ Kf8 30. e5 Qg7 31. Qf5+ Ke8 32. Rf1 Bxf1 0-1

[Event "*** Titled Tuesday Blitz"]
[Site "Chess.com"]
[Date "2020.04.28"]
[Round "1"]
[White "UmutErdemGunduz"]
[Black "GMSrinath"]
[Result "0-1"]
[WhiteElo "2388"]
[BlackElo "2738"]
[TimeControl "180+1"]
[EndTime "10:07:07 PDT"]
[Termination "GMSrinath won by resignation"]

1. e4 c5 2. Nf3 Nc6 3. d4 cxd4 4. Nxd4 Nf6 5. Nc3 d6 6. Bg5 e6 7. f4 h6 8. Bh4 Qb6 9. Bf2 Qxb2 10. Ndb5 Qb4 11. Rb1 Qa5 12. Bd3 a6 13. Bb6 Qxb6 14. Nxd6+ Bxd6 15. Rxb6 Bxf4 16. Qe2 O-O 17. O-O Be5 18.
Rxc6 bxc6 19. Na4 Rb8 20. c3 a5 21. Qc2 Rd8 22. Rd1 Bd7 23. Bf1 Be8 24. Rxd8 Rxd8 25.
Nb6 Bd6 26. Nc4 Bc5+ 27. Kh1 Ng4 28. h3 Ne3 29. Nxe3 Bxe3 30. e5 c5 31. Qe4 Bc1 32. Bd3 g6 33. h4 h5 34. g4 hxg4 35. h5 Bh6 36. hxg6 fxg6 37. Qxg4 Rxd3 38. Qxe6+ Bf7 39.
Qc8+ Kg7 40. e6 Rxc3 41. Qb7 Rc1+ 42. Kg2 Rc2+ 43. Kf1 Rc1+ 44. Ke2 Rc2+ 45. Ke1 Rc1+ 46. Ke2 Rc2+ 47. Kd3 Rf2 48. exf7 Rxf7 49. Qe4 Rd7+ 50. Kc3 Bg5 51. Qe5+ Bf6 0-1

[Event "*** Titled Tuesday Blitz"]
[Site "Chess.com"]
[Date "2020.04.28"]
[Round "1"]
[White "Teidi96"]
[Black "dmosesov"]
[Result "0-1"]
[WhiteElo "2243"]
[BlackElo "2576"]
[TimeControl "180+1"]
[EndTime "10:07:07 PDT"]
[Termination "dmosesov won by resignation"]

1. e4 c5 2. Nf3 d6 3. d4 cxd4 4. Nxd4 Nf6 5. Nc3 a6 6. h3 Nc6 7. g4 Qb6 8. Nxc6 bxc6 9. Bg2 e5 10. Qe2 Be6 11. Rb1 Be7 12. Be3 Qc7 13. Rd1 O-O 14.
O-O Nd7 15. f4 exf4 16. Bxf4 Ne5 17. b3 Rfd8 18. Kh1 a5 19. a4 Rab8 20. Qd2 Qb6 21. Ne2 Ng6 22. Be3 Qb4 23. Qxb4 Rxb4 24. Nd4 Rc8 25. Nxe6 fxe6 26. Bd2 c5 27. Bxb4 cxb4 28. Rd2 Rc3 29. Rf3 Rc5 30. Bf1 Ne5 31. Rff2 h6 32. Bb5 Rc3 33. Kg2 Bh4 34. Rfe2 Rg3+ 35. Kf1 Nf3 36.
Rg2 Rxh3 37. Rxd6 Rh1+ 38. Ke2 Ne5 39. Rd8+ Kh7 40. Ke3 Bxd8 41. Bd7 0-1

[Event "*** Titled Tuesday Blitz"]
[Site "Chess.com"]
[Date "2020.04.28"]
[Round "1"]
[White "Atanejhad"]
[Black "konradrutkowski"]
[Result "1-0"]
[WhiteElo "2526"]
[BlackElo "2168"]
[TimeControl "180+1"]
[EndTime "10:07:07 PDT"]
[Termination "Atanejhad won by resignation"]

1. e4 e5 2. Nf3 Nc6 3. Bb5 a6 4. Ba4 Nf6 5. O-O Be7 6. Re1 b5 7. Bb3 O-O 8. a4 Bb7 9. h3 d5 10. exd5 Nxd5 11. d3 Bf6 12. Nbd2 Nd4 13. Nxd4 exd4 14.
Ne4 Be7 15. Qh5 Kh8 16. Bg5 f6 17. Bd2 Qd7 18. Ng3 Rfd8 19. Re4 g6 20. Qe2 Re8 21.
axb5 axb5 22. Rxa8 Bxa8 23. Rxd4 Bc5 24. Re4 Rxe4 25.
Qxe4 Bc6 26. Qh4 Qd6 27. Ne4 Qe7 28. Nxc5 Qxc5 29. Bxd5 Qxd5 30. Qxf6+ Kg8 31. f3 Qf5 32. Qd8+ Kf7 33. Qxc7+ Qd7 34. Qf4+ 1-0

[Event "*** Titled Tuesday Blitz"]
[Site "Chess.com"]
[Date "2020.04.28"]
[Round "1"]
[White "Noam_Vitenberg"]
[Black "Morshynska"]
[Result "1-0"]
[WhiteElo "2502"]
[BlackElo "2074"]
[TimeControl "180+1"]
[EndTime "10:07:08 PDT"]
[Termination "Noam_Vitenberg won on time"]

1. d4 d5 2. c4 c6 3. Nf3 Nf6 4. e3 e6 5. Nbd2 c5 6. cxd5 exd5 7. Bb5+ Nc6 8. O-O a6 9. Be2 cxd4 10. exd4 Bd6 11.
Nb3 O-O 12. Bg5 h6 13. Bh4 Bg4 14. Nc5 Qc7 15. Bxf6 gxf6 16. h3 Be6 17. Rc1 Rac8 18. Qd3 Qe7 19. Nh4 Nxd4 20. Qxd4 Rxc5 21. Rxc5 Bxc5 22.
Qf4 Kg7 23. Bd3 Rc8 24. Nf5+ Bxf5 25. Qxf5 Qe6 26. Qh7+ Kf8 27. Bf5 Qe5 28. Bxc8 Bd6 29. Qxh6+ Ke7 30. g3 Bc5 31. Qf4 Qe2 32. Bg4 Qc2 33.
Qf5 1-0

[Event "*** Titled Tuesday Blitz"]
[Site "Chess.com"]
[Date "2020.04.28"]
[Round "1"]
[White "WeAintSurePal"]
[Black "JakubPulpan"]
[Result "0-1"]
[WhiteElo "2383"]
[BlackElo "2722"]
[TimeControl "180+1"]
[EndTime "10:07:09 PDT"]
[Termination "JakubPulpan won by resignation"]

1. d4 Nf6 2. Nf3 d5 3. c3 Bf5 4. Bf4 c6 5. Nbd2 h6 6. h3 e6 7. e3 Bd6 8. Ne5 Qc7 9. Be2 Nbd7 10. Nxd7 Nxd7 11. Bxd6 Qxd6 12. O-O e5 13. Bg4 Be6 14. Bxe6 Qxe6 15. dxe5 Nxe5 16. Nf3 O-O-O 17. Nxe5 Qxe5 18.
Qd4 Qxd4 19. cxd4 f5 20. b4 Rhe8 21. a4 f4 22. Rfe1 fxe3 23. Rxe3 Kd7 24. b5 Kd6 25.
Rb1 c5 26. dxc5+ Kxc5 27. Rc3+ Kd6 28. a5 Rc8 29. Rg3 g5 30. Rf3 Rf8 31. Rd3 Rc5 32. b6 a6 33. Ra1 Rfc8 34. Ra4 Rc4 35. Raa3 R8c5 36. Kh2 d4 37. Kg3 Rc3 38. Kf3 Rxd3+ 39.
Rxd3 Kd5 40. Kg4 Kc4 41. Rd1 d3 42. h4 Rxa5 43. hxg5 hxg5 44. Rc1+ Kb3 45. Rc7 Rd5 0-1

[Event "*** Titled Tuesday Blitz"]
[Site "Chess.com"]
[Date "2020.04.28"]
[Round "1"]
[White "Vusatiuk_Vladimir"]
[Black "swayamsm"]
[Result "0-1"]
[WhiteElo "2347"]
[BlackElo "2681"]
[TimeControl "180+1"]
[EndTime "10:07:09 PDT"]
[Termination "swayamsm won by checkmate"]

1. e4 e6 2. d4 d5 3. Nd2 Be7 4. Bd3 c5 5. dxc5 Nf6 6. exd5 Qxd5 7. Ngf3 Nbd7 8. Nb3 Nxc5 9. Nxc5 Qxc5 10. O-O Bd7 11.
Be3 Qc7 12. Nd4 O-O 13. c4 Rfd8 14. Qe2 Rac8 15. Rac1 Bd6 16. h3 Be5 17. Rfd1 Qb8 18. Bb1 a6 19. Nf3 Bd6 20. Bg5 Be7 21. Ne5 Be8 22.
Bf4 Bd6 23. c5 Rxc5 24. Rxc5 Bxc5 25. Rxd8 Qxd8 26. Qc2 Bd4 27. g4 h6 28. g5 hxg5 29.
Bg3 Qd5 30. Ng4 Bc6 31. Nxf6+ gxf6 32. Qh7+ Kf8 33. Kf1 Bb5+ 34. Ke1 Bxb2 35. Qh8+ Ke7 36. Qb8 Bc3# 0-1

[Event "*** Titled Tuesday Blitz"]
[Site "Chess.com"]
[Date "2020.04.28"]
[Round "1"]
[White "Iyael"]
[Black "SaqoChess_Twitch"]
[Result "1-0"]
[WhiteElo "2125"]
[BlackElo "2479"]
[TimeControl "180+1"]
[EndTime "10:07:09 PDT"]
[Termination "Iyael won by resignation"]

1. e4 c5 2. c3 d5 3. exd5 Qxd5 4. d4 e6 5. Nf3 Nf6 6. Be2 Nc6 7. O-O Be7 8. c4 Qd6 9. dxc5 Qxd1 10. Rxd1 Bxc5 11. Nc3 O-O 12. a3 a6 13. b4 Ba7 14. Bf4 Bd7 15. Rd2 Rfd8 16. Bc7 Rdc8 17. Bd6 Be8 18. c5 Rd8 19.
Rad1 Bb8 20. Bxb8 Rxd2 21. Rxd2 Rxb8 22. Bc4 Rd8 23. Rxd8 Nxd8 24. Ne5 Nc6 25. Nd3 Kf8 26. a4 Ke7 27. b5 axb5 28. axb5 Na5 29. Ba2 Bd7 30.
Kf1 Ne8 31. Ne5 f6 32. Nxd7 Kxd7 33. Ke2 b6 34. cxb6 Nd6 35. Kd3 e5 36. Bd5 Nab7 37. Bc6+ Ke6 38. Nd5 Nc5+ 39. Kc3 Nce4+ 40. Kb4 Nxf2 41.
b7 Nd3+ 42. Ka5 Nxb7+ 43. Bxb7 e4 44. Nc3 e3 45. Bf3 Kd7 46. b6 Nc5 47. Kb5 Ne6 48. Ka6 Nc5+ 49. Ka7 Kd6 50. b7 Nxb7 51. Kxb7 f5 52. Ne2 g5 53. h3 Kc5 54. Kc7 Kc4 55. Kd6 h5 56. Bxh5 Kd3 57. Bf3 Kd2 58. Ke5 f4 59.
Kf5 Ke1 60. Kxg5 Kf2 61. Kxf4 Kf1 62. Kxe3 1-0

[Event "*** Titled Tuesday Blitz"]
[Site "Chess.com"]
[Date "2020.04.28"]
[Round "1"]
[White "Oglob71"]
[Black "harkerchess"]
[Result "1-0"]
[WhiteElo "2483"]
[BlackElo "2007"]
[TimeControl "180+1"]
[EndTime "10:07:09 PDT"]
[Termination "Oglob71 won by checkmate"]

1. d4 d5 2. Nf3 Nf6 3. c4 c6 4. e3 dxc4 5. Bxc4 Bf5 6. O-O e6 7. Nc3 Be7 8. Qe2 O-O 9. e4 Bg6 10. Rd1 Nbd7 11. Bf4 Re8 12. Bb3 Qa5 13. h3 c5 14. e5 Nh5 15. Bh2 cxd4 16. Rxd4 Rad8 17. Rad1 Nc5 18. g4 Nxb3 19. axb3 Qb6 20. Rxd8 Rxd8 21.
Rxd8+ Bxd8 22. gxh5 Bxh5 23. Kg2 Qxb3 24. Nd4 Qxc3 25.
bxc3 Bxe2 26. Nxe2 Kf8 27. Bf4 Bc7 28. Kf3 Ke7 29. Ke4 b5 30. Bc1 a5 31. Ba3+ Kd7 32.
Nd4 b4 33. cxb4 axb4 34. Bxb4 Bb6 35. f4 f6 36. Bc3 fxe5 37. fxe5 Ke7 38. Nf3 h6 39.
Bd4 Ba5 40. Kf4 Kf7 41. Kg4 Bc7 42. Bf2 Kg6 43. h4 Kf7 44. Bg3 Kg6 45. Nd4 Kf7 46.
Nb5 Bd8 47. Nd6+ Ke7 48. h5 Bb6 49. Bh4+ Kd7 50. Kf4 Bd4 51. Ke4 Bb2 52. Nc4 Bc1 53. Bf2 Kc6 54. Be3 Bxe3 55. Nxe3 Kd7 56. Nc2 Ke7 57.
Nd4 Kf7 58. Kf4 Ke7 59. Ke3 Kf7 60. Ke4 Ke7 61. Nb5 Kf7 62. Nd6+ Ke7 63. Kd4 Kd7 64. Kc5 Kc7 65. Ne8+ Kd7 66. Nxg7 Ke7 67. Kc6 Kf7 68.
Kd6 Kxg7 69. Kxe6 Kf8 70. Kd7 Kf7 71. e6+ Kg7 72. e7 Kh7 73. e8=Q Kg7 74. Qg6+ Kf8 75. Qxh6+ Kg8 76. Qg5+ Kh8 77. h6 Kh7 78. Qg7# 1-0

[Event "*** Titled Tuesday Blitz"]
[Site "Chess.com"]
[Date "2020.04.28"]
[Round "1"]
[White "Agent-JL"]
[Black "Sethu0025"]
[Result "0-1"]
[WhiteElo "2433"]
[BlackElo "2842"]
[TimeControl "180+1"]
[EndTime "10:07:10 PDT"]
[Termination "Sethu0025 won by resignation"]

1. d4 d5 2. c4 e6 3. Nc3 c6 4. Nf3 Nf6 5. e3 Nbd7 6. Qc2 Bd6 7. Bd3 O-O 8. O-O dxc4 9. Bxc4 e5 10. Rd1 Qe7 11. Bd3 h6 12. a3 Re8 13. Bf5 Nb6 14.
dxe5 Bxe5 15. Nxe5 Bxf5 16. Qxf5 Qxe5 17. Qxe5 Rxe5 18.
b3 Ree8 19. Bb2 Rad8 20. Ne2 Ne4 21. Bd4 Nd5 22. f3 Nd6 23. e4 Nb5 24. Kf2 Nf4 25.
Nxf4 Nxd4 26. Rd3 Nc2 27. Ra2 Rxd3 28. Nxd3 Nd4 29. b4 Rd8 30. Ke3 Nb5 31. Nc5 b6 32. Nd3 Kf8 33. a4 Nd4 34. a5 b5 35. Rb2 Ke7 36.
Nc5 Ne6 37. Nd3 g5 38. Rc2 Nd4 39. Rc5 f6 40. g3 h5 41. f4 g4 42. Rxh5 Nc2+ 43. Kd2 Nxb4 44. Rh8 Rxh8 0-1

[Event "*** Titled Tuesday Blitz"]
[Site "Chess.com"]
[Date "2020.04.28"]
[Round "1"]
[White "Khamrakulov_Djurabek"]
[Black "sergeikim"]
[Result "1-0"]
[WhiteElo "2820"]
[BlackElo "2430"]
[TimeControl "180+1"]
[EndTime "10:07:10 PDT"]
[Termination "Khamrakulov_Djurabek won on time"]

1. e4 e5 2. Nf3 Nc6 3. d4 exd4 4. Nxd4 Bc5 5. Be3 Qf6 6. c3 Nge7 7. g3 d6 8. Bg2 a6 9. O-O Ne5 10. h3 Qg6 11.
Nd2 O-O 12. Kh2 f5 13. f4 N5c6 14. Nxc6 Nxc6 15. Bxc5 dxc5 16. e5 Be6 17. Qe2 Rfd8 18. Nb3 Bxb3 19. axb3 Qe6 20. Rad1 h6 21. Rf3 Qxb3 22.
Rfd3 Rxd3 23. Rxd3 Rd8 24. Rxd8+ Nxd8 25. Qd2 Nf7 26. Bd5 Qb5 27. Be6 Qe8 28. Bxf5 Qe7 29. Qd5 c6 30. Qa2 Kf8 31. Bh7 Qd7 32. Be4 Qd2+ 33.
Bg2 Nd8 34. Qc4 Qf2 35. Qd3 Ne6 36. Qd6+ 1-0

[Event "*** Titled Tuesday Blitz"]
[Site "Chess.com"]
[Date "2020.04.28"]
[Round "1"]
[White "enriquetejedor"]
[Black "CastleOasisChess"]
[Result "1-0"]
[WhiteElo "2511"]
[BlackElo "2121"]
[TimeControl "180+1"]
[EndTime "10:07:10 PDT"]
[Termination "enriquetejedor won by resignation"]

1. e4 e6 2. d4 d5 3. Nd2 c6 4.
Ngf3 f5 5. exd5 exd5 6. Bd3 Bd6 7. O-O Nf6 8. a4 O-O 9. b3 Nbd7 10. Re1 Ne4 11. Ba3 Qe7 12. Bxd6 Qxd6 13. Nf1 Rf6 14. c4 Rh6 15. Ng3 Ndf6 16. c5 Qc7 17. Ne5 Nxg3 18.
hxg3 Ne4 19. Qf3 Be6 20. Bc2 Rf8 21. Nd3 Bc8 22. Qf4 Qxf4 23. Nxf4 g5 24. Nd3 g4 25.
Kf1 Nc3 26. Kg1 Ne4 27. Nf4 Bd7 28. f3 gxf3 29. gxf3 Nxg3 30. Kf2 Nh5 31. Rh1 Rff6 32.
Rxh5 Rxh5 33. Nxh5 Rg6 34. Rg1 Rxg1 35. Kxg1 Kf7 36.
Nf4 Kf6 37. Kf2 h6 38. Kg3 Be8 39. Ng2 Bg6 40. Kf4 Bh7 41. Nh4 a6 42. Bxf5 Bxf5 43. Nxf5 h5 44. Nh4 a5 45. Ng2 Kg6 46. Kg3 Kf5 47.
Kh4 Kg6 48. Nf4+ 1-0